 Seeded DCSS version 0.30.0-19-g36f170ea60 (webtiles) character file.

Game seed: 6351066067085065685 (custom seed)

13 Esekla the Grave Robber (level 2, -2/15 HPs)
             Began as a Deep Elf Necromancer on May 29, 2023.
             Killed from afar by a white imp (8 damage)
             ... with a puff of frost
             ... on level 5 of the Dungeon.
             The game lasted 00:03:23 (487 turns).

Esekla the Grave Robber (Deep Elf Necromancer)       Turns: 487, Time: 00:03:24

Health: -2/15      AC:  2    Str:  5    XL:     2   Next: 24%
Magic:  8/8        EV: 13    Int: 19    God:
Gold:   27         SH:  0    Dex: 15    Spells: 6/7 levels left

rFire   . . .        c - +1 dagger (drain)
rCold   . . .        (no shield)
rNeg    . . .        a - +0 robe
rPois   .            (no helmet)
rElec   .            (no cloak)
rCorr   .            (no gloves)
SInv    .            (no boots)
Will    .....        (no amulet)
Stlth   ++           (no ring)
HPRegen 0.22/turn    (no ring)
MPRegen 0.11/turn

%: no passive effects
@: no status effects
A: no striking features
a: no special abilities


You were on level 5 of the Dungeon.
You visited 1 branch of the dungeon, and saw 6 of its levels.

You collected 27 gold pieces.

Inventory:

Hand Weapons
 c - a +1 dagger of draining (weapon)
Armour
 a - a +0 robe (worn)
Scrolls
 e - 2 scrolls of fear {unknown}
 f - a scroll of identify {unknown}
 i - a scroll of blinking {unknown}
Potions
 b - a potion of magic
 d - a potion of ambrosia {unknown}
 g - a potion of heal wounds {unknown}
 h - a potion of attraction {unknown}


   Skills:
 * Level 2.7 Dodging
 + Level 2.4 Stealth
 * Level 3.0 Spellcasting
 + Level 5.4 Necromancy


You had 6 spell levels left.
You knew the following spells:

 Your Spells              Type           Power      Damage    Failure   Level
a - Necrotise             Necr           92%        1d8       1%          1

Your spell library contained the following spells:

 Spells                   Type           Power      Damage    Failure   Level
 Vampiric Draining        Necr           23%        2d7       4%          3
 Animate Dead             Necr           23%        N/A       17%         4
 Agony                    Necr           23%        N/A       43%         5


Dungeon Overview and Level Annotations

Branches:
Dungeon (6/15)
 Temple: D:4-7

Altars:


Message History

There is an open door here.
Found a stone staircase leading down.
A bat comes into view.
The bat completely misses you.
You barely miss the bat. The bat barely misses you. The bat closely misses you.
You hit the bat. You drain the bat.
You kill the bat!
There is a stone staircase leading down here.
You climb downwards.
There is a stone staircase leading up here.
Found 11 gold pieces.
Found a bubbling blue potion.
You now have 27 gold pieces (gained 11).
Found a stone staircase leading down.
A sourceless malevolence fills the Dungeon...
You fall into a shaft and drop 2 floors!
The shaft crumbles and collapses.
Found a leather armour.
Found a stone staircase leading up.
You see here a +0 leather armour.
Found a scroll labelled LIXOR VONLAKI.
There is a stone staircase leading up here.
i - a scroll labelled LIXOR VONLAKI
There is a stone staircase leading up here.
You climb upwards.
Found an escape hatch in the ceiling.
There is a stone staircase leading down here.
Found a scroll labelled QOIXKOT YTEE.
An adder comes into view.
You see here a scroll labelled QOIXKOT YTEE.
e - 2 scrolls labelled QOIXKOT YTEE (gained 1)
A white imp comes into view.
The white imp shouts, "Scamper hence, thou brittle bat-fowling nightsoil!"
The white imp gestures at you. The puff of frost hits you!
Ouch! That really hurt!
The white imp gestures at you. The puff of frost hits you!
Ouch! That really hurt!
You die...

##.#########
##...##>....#
##........##.###
#.................
#.#........##.....
# ##......<.......
##...#.#######.
##..#....#
#..#@###....
#...## ## #...#
#.#.# .5.... ...
... #.#####.. #.
.. # ..#


You could see a white imp.

Vanquished Creatures
  3 ball pythons (D:1)
  2 bats
  An endoplasm (D:1)
  2 goblins (D:1)
  A frilled lizard (D:1)
  2 kobolds (D:1)
11 creatures vanquished.

Notes
Turn   | Place    | Note
-------+----------+-------------------------------------------
     0 | D:1      | Esekla the Deep Elf Necromancer began the quest for the
                  | Orb.
     0 | D:1      | Reached XP level 1. HP: 10/10 MP: 6/6
   190 | D:1      | Reached skill level 5 in Necromancy
   274 | D:1      | Reached XP level 2. HP: 15/15 MP: 8/8
   443 | D:4      | You fall into a shaft and drop 2 floors!
   472 | D:5      | Entered Level 5 of the Dungeon
   487 | D:5      | Killed from afar by a white imp

Illustrated notes

Levels and vault maps discovered:
D:1:      sevenhm_arrival_forest_fort_small_3, layout_rooms,
          chequers_serial_rivers_room_b, minmay_misc_feat_five
D:2:      layout_loops_ring, dreamdust_ecumenical_altar_angels_and_demons,
          serial_shops, shop
D:3:      layout_basic, grunt_temple_overflow_open, minmay_misc_feat_iff
D:4:      layout_basic, nicolae_overflow_quartered_altars, serial_shops,
          nicolae_diamond_shop
D:5:      layout_loops_ring, lemuel_doored_altar, minmay_misc_feat_rows,
          dreamdust_wishing_well
D:6:      layout_loops_cross, fedhas_altar_fruit_tree,
          minmay_temple_entry_glass, uniq_pikel, uniq_blork_the_orc

Skill      XL: |  1 |
---------------+----+-----
Necromancy     | 5 |  5.4
Dodging        | |  2.7
Stealth        | |  2.4
Spellcasting   | |  3.0

Action                     || total
---------------------------++-------
  Melee: Unarmed           ||    16
         Short sword       ||    10
         Dagger            ||    12
         Punch             ||     1
 Armour: Robe              ||     4
  Dodge: Dodged            ||    20
